 Dungeon Crawl Stone Soup version 0.31.0-32-g396128a36d (webtiles) character file.

Game seed: 1206976813553186526

10042 drollins the Cleaver (level 11, -11/96 (99) HPs)
             Began as a Minotaur Fighter on Apr 11, 2024.
             Killed from afar by a lich (16 damage)
             ... with a bolt of cold
             ... on level 3 of the Abyss.
             The game lasted 01:00:32 (7923 turns).

drollins the Cleaver (Minotaur Fighter)             Turns: 7923, Time: 01:00:33

HP:   -11/96 (99)   AC:  9    Str: 22 (25) XL:     11   Next: 31%
MP:   19/19         EV: 18    Int:  4 (5)  God:
Gold: 565           SH: 11    Dex: 16 (17) Spells: 10/10 levels left

rFire   . . .        C - +3 war axe
rCold   + . .        f - +0 kite shield of Okawaru's Condemnation {rC+ MP+9 Dex+5 SInv}
rNeg    . . .        e - +0 acid dragon scales
rPois   .            b - +0 hat of Enonuge {Will+ Dex+2}
rElec   .            (no cloak)
rCorr   +            (no gloves)
SInv    +            a - +0 pair of boots
Will    +....        D - amulet of regeneration
Stlth   +            q - +5 ring of evasion
HPRegen 1.16/turn    t - ring of resist corrosion
MPRegen 0.16/turn

%: no passive effects
@: lightly drained
A: horns 2, retaliatory headbutt
a: no special abilities


You were on level 3 of the Abyss.
You visited 2 branches of the dungeon, and saw 11 of its levels.
You visited the Abyss 1 time.

You collected 565 gold pieces.

Inventory:

Hand Weapons
 C - a +3 war axe (weapon)
Armour
 a - a +0 pair of boots (worn)
 b - the +0 hat of Enonuge (worn) {Will+ Dex+2}
   (You acquired it on level 9 of the Dungeon)

   Dex+2:     It affects your dexterity (+2).
   Will+:     It increases your willpower.
 e - +0 acid dragon scales (worn)
 f - the +0 kite shield of Okawaru's Condemnation (worn) {rC+ MP+9 Dex+5 SInv}
   (You acquired it on level 3 of the Dungeon)

   Dex+5:     It affects your dexterity (+5).
   rC+:       It protects you from cold.
   MP+9:      It affects your magic capacity (+9).
   SInv:      It lets you see invisible.
 E - a +1 barding
Jewellery
 q - a +5 ring of evasion (left hand)
 t - a ring of resist corrosion (right hand)
 D - an amulet of regeneration (around neck)
Wands
 c - a wand of charming (19)
 o - a wand of mindburst (28)
Scrolls
 h - a scroll of vulnerability
 j - a scroll of revelation
 m - 2 scrolls of teleportation
 n - 2 scrolls of silence
 p - a scroll of poison
 w - a scroll of fear
 x - a scroll of noise
 y - a scroll of enchant armour
 z - a scroll of blinking
 A - 2 scrolls of fog
 F - a scroll of identify
Potions
 d - a potion of might
 g - a potion of invisibility {unknown}
 i - 3 potions of attraction
 k - a potion of haste {unknown}
 l - a potion of heal wounds {unknown}
 r - a potion of curing
 s - 3 potions of brilliance
 u - a potion of mutation {unknown}
 v - a potion of berserk rage {unknown}
 B - a potion of degeneration
 G - a potion of lignification
Miscellaneous
 H - a lightning rod (4/4)


   Skills:
 + Level 9.9 Fighting
 + Level 13.8 Axes
 + Level 0.3 Throwing
 + Level 8.3 Armour
 + Level 5.9 Dodging
 + Level 1.0 Stealth
 + Level 9.7 Shields


You had 10 spell levels left.
You didn't know any spells.
Your spell library contained the following spells:

 Spells                   Type           Power      Damage    Failure   Level
 Apportation              Tloc           0%         N/A       77%         1
 Magic Dart               Conj           0%         1d3       77%         1
 Necrotise                Necr           0%         1d4       77%         1
 Sting                    Conj/Alch      0%         1d3       77%         1
 Summon Small Mammal      Summ           0%         N/A       77%         1
 Blink                    Tloc           0%         N/A       88%         2
 Call Imp                 Summ           0%         N/A       88%         2
 Ensorcelled Hibernation  Hex/Ice        0%         N/A       88%         2
 Jinxbite                 Hex            0%         N/A       88%         2
 Lesser Beckoning         Tloc           0%         N/A       88%         2
 Fugue of the Fallen      Necr           0%         N/A       98%         3
 Gell's Gravitas          Tloc           0%         N/A       98%         3
 Passwall                 Erth           0%         N/A       98%         3
 Swiftness                Air            0%         N/A       98%         3
 Teleport Other           Tloc           0%         N/A       98%         3
 Anguish                  Hex/Necr       0%         N/A       100%        4
 Alistair's Intoxication  Alch           0%         N/A       100%        5


Dungeon Overview and Level Annotations

Branches:
Dungeon (10/15)            Temple (1/1) D:6            Lair (0/5) D:9
    Orc: D:9-12

Altars:
Ashenzari
Cheibriados
Dithmenos
Elyvilon
Fedhas
Gozag
Kikubaaqudgha
Makhleb
Nemelex Xobeh
Okawaru
Qazlal
Ru
Sif Muna
Uskayaw
Vehumet
Wu Jian
Xom
Yredelemnul
Zin
The Shining One

Shops:
D:2 *

Annotations:
D:10 4 transporters, Sonja


Innate Abilities, Weirdness & Mutations

You have a pair of horns on your head.
You reflexively headbutt those who attack you in melee.


Message History

* * * LOW HITPOINT WARNING * * *
You block the lich's attack.
You closely miss the lich. You hit the fire elemental. You hit the lich.
The fire elemental barely misses you. The lich casts a spell at you.
You resist with significant effort.
The lich touches you but does no damage.
You slash the lich! Your headbutt misses the lich.
The lich is lightly damaged.
You closely miss the fire elemental. You hit the lich.
You block the lich's attack. The fire elemental hits you.
The fire elemental burns you!
* * * LOW HITPOINT WARNING * * *
The lich closely misses you. You furiously retaliate!
You headbutt the lich. You barely miss the lich. You headbutt the lich.
The lich is lightly damaged.
You slash the fire elemental! You slash the lich!
The lich touches you but does no damage.
The fire elemental completely misses you.
You furiously retaliate!
You headbutt the fire elemental. The lich completely misses you.
You furiously retaliate!
You headbutt the lich. The lich barely misses you. You furiously retaliate!
You headbutt the lich! The lich touches you.
* * * LOW HITPOINT WARNING * * *
The fire elemental closely misses you.
You hit the lich.
The lich is moderately damaged.
You hit the fire elemental. You hit the lich. You block the lich's attack. x2
You block the fire elemental's attack.
You slash the lich! Your headbutt misses the lich.
The lich is moderately damaged.
You slash the fire elemental! You completely miss the lich.
The lich touches you.
* * * LOW HITPOINT WARNING * * *
You block the lich's attack. The fire elemental hits you.
The fire elemental burns you!
* * * LOW HITPOINT WARNING * * *
The lich casts a spell at you. The bolt of cold hits you! You resist.
You die...

.# ..#.#
.#.#.#.#
L§....
.#..
..###
##...#
##LL.##
#.@...#
##E##.##
#### .#
####


You could see 2 liches and a fire elemental.

Vanquished Creatures
  A tentacled starspawn (Abyss:3)
  A two-headed ogre (D:10)
  The ghost of flammie80 the Basher, a novice FoMo of Fedhas (D:9)
  Pikel (D:8)
  A centaur zombie (D:7)
  A worldbinder (Abyss:1)
  Maggie (D:8)
  A centaur skeleton (D:7)
  A hellwing (D:7)
  A troll (D:8)
  A meliai zombie (D:7)
  11 yaks (D:8)
  2 humans (D:7)
  An acid dragon (D:9)
  2 water moccasins
  An ice beast (D:7)
  A sky beast (D:7)
  A black bear (D:6)
  An orc warrior (D:8)
  3 small abominations
  5 centaurs
  2 lemures (D:8)
  A phantom (D:6)
  A kobold brigand (D:8)
  A bullfrog (D:9)
  9 wights (D:8)
  8 killer bees
  3 howler monkeys
  4 hounds
  2 jellies
  A bombardier beetle (D:5)
  3 orc priests
  A gnoll bouda (D:8)
  An iguana (D:7)
  4 sleepcaps
  9 orc wizards
  8 adders
  12 gnolls
  7 shadow imps
  A white imp (D:6)
  2 ufetubi (D:5)
  2 ribbon worms
  3 dart slugs
  35 orcs
  6 ball pythons
  5 endoplasms
  4 giant cockroaches
  5 goblins
  4 hobgoblins
  4 jackals
  12 kobolds
  4 quokkas
  7 bats
  4 rats
  A starspawn tentacle (Abyss:3)
215 creatures vanquished.

Vanquished Creatures (others)
  A ball python (D:4)
  2 starspawn tentacles (Abyss:3)
3 creatures vanquished.

Grand Total: 218 creatures vanquished

Notes
Turn   | Place    | Note
-------+----------+-------------------------------------------
     0 | D:1      | drollins the Minotaur Fighter began the quest for the Orb.
     0 | D:1      | Reached XP level 1. HP: 19/19 MP: 0/0
   241 | D:1      | Reached XP level 2. HP: 27/27 MP: 1/1
   513 | D:2      | Found a faded altar of an unknown god.
   528 | D:1      | Reached XP level 3. HP: 29/33 MP: 2/2
   547 | D:2      | Reached skill level 3 in Axes
   635 | D:2      | Identified the +7 dagger of Uxoehouv {freeze, Int+3}
   762 | D:2      | Found Qeuvva Ynop's Assorted Antiques.
   811 | D:2      | Reached skill level 1 in Dodging
   955 | D:2      | Reached XP level 4. HP: 32/40 MP: 3/3
  1711 | D:3      | Identified a scroll of acquirement
  1712 | D:3      | Acquired the +0 kite shield of Okawaru's Condemnation {rC+
                  | MP+9 Dex+5 SInv}
  2056 | D:4      | Reached XP level 5. HP: 47/47 MP: 4/4
  2077 | D:4      | Reached skill level 4 in Axes
  2387 | D:4      | Reached skill level 5 in Shields
  2390 | D:4      | Reached XP level 6. HP: 51/53 MP: 5/5
  2840 | D:4      | Reached skill level 5 in Axes
  2840 | D:4      | Reached skill level 5 in Armour
  3009 | D:5      | Entered Level 5 of the Dungeon
  3129 | D:5      | Reached skill level 5 in Fighting
  3258 | D:5      | Reached XP level 7. HP: 39/61 MP: 6/6
  3263 | D:5      | Reached skill level 6 in Axes
  3823 | D:6      | Reached skill level 7 in Axes
  3949 | D:6      | Found a staircase to the Ecumenical Temple.
  3961 | Temple   | Entered the Ecumenical Temple
  4108 | D:6      | Reached XP level 8. HP: 69/69 MP: 7/7
  4301 | D:6      | Found a sacrificial altar of Ru.
  4456 | D:7      | Reached skill level 8 in Axes
  4510 | D:7      | Found an iron altar of Okawaru.
  4650 | D:7      | Reached skill level 9 in Axes
  4933 | D:7      | Reached XP level 9. HP: 47/77 MP: 8/8
  4985 | D:7      | Noticed a hellwing
  5136 | D:7      | Killed a hellwing
  5287 | D:7      | Found a glowing golden altar of the Shining One.
  5293 | D:7      | Found a shadowy altar of Dithmenos.
  5298 | D:7      | Found a broken altar of Ashenzari.
  5381 | D:7      | Reached skill level 10 in Axes
  5646 | D:8      | Reached skill level 11 in Axes
  5683 | D:8      | Identified the granite talisman "Vothisou" {Will- rCorr
                  | Str-4 SInv}
  5694 | D:8      | Noticed Maggie
  5709 | D:8      | Reached XP level 10. HP: 66/88 MP: 9/9
  5739 | D:8      | Killed Maggie
  5740 | D:8      | Reached skill level 12 in Axes
  6250 | D:8      | Noticed Pikel
  6273 | D:8      | Killed Pikel
  6274 | D:8      | Reached skill level 5 in Dodging
  6745 | D:8      | Found a radiant altar of Vehumet.
  6946 | D:9      | Acquired the +0 hat of Enonuge {Will+ Dex+2}
  7169 | D:9      | Found a staircase to the Lair.
  7211 | D:9      | Found a large runed translucent door.
  7211 | D:9      | Found a large runed translucent door.
  7216 | D:9      | Reached skill level 13 in Axes
  7284 | D:9      | Noticed flammie80's ghost (novice FoMo)
  7478 | D:9      | Killed flammie80's ghost
  7519 | D:10     | Entered Level 10 of the Dungeon
  7519 | D:10     | Noticed a two-headed ogre
  7525 | D:10     | Noticed Sonja
  7527 | D:10     | Found a transporter.
  7529 | D:10     | Found a transporter.
  7566 | D:10     | Found a transporter.
  7567 | D:10     | Found a transporter.
  7587 | D:10     | Noticed a two-headed ogre
  7600 | D:10     | Killed a two-headed ogre
  7601 | D:10     | Reached XP level 11. HP: 83/97 MP: 10/10
  7636 | Abyss:1  | Cast into level 1 of the Abyss (Sonja)
  7639 | Abyss:1  | Found a corrupted altar of Lugonu.
  7659 | Abyss:1  | Found a corrupted altar of Lugonu.
  7663 | Abyss:1  | Found a corrupted altar of Lugonu.
  7695 | Abyss:1  | Noticed a goliath frog
  7738 | Abyss:1  | Noticed a starcursed mass
  7787 | Abyss:1  | Noticed a death drake
  7796 | Abyss:2  | Found a corrupted altar of Lugonu.
  7799 | Abyss:2  | HP: 4/99 [poisoned by a death drake (dark miasma)]
  7801 | Abyss:2  | HP: 1/99 [poisoned by a death drake (dark miasma)]
  7905 | Abyss:3  | Noticed a tentacled starspawn
  7906 | Abyss:3  | Noticed a lich
  7912 | Abyss:3  | Noticed a lich
  7915 | Abyss:3  | Killed a tentacled starspawn
  7916 | Abyss:3  | Reached skill level 1 in Stealth
  7923 | Abyss:3  | Killed from afar by a lich

Illustrated notes

Levels and vault maps discovered:
D:1:      lightli_arrival_noodles, layout_rooms, minmay_small_reverse_x
D:2:      layout_basic, serial_shops, nicolae_shop_tiny_glass,
          nicolae_ecumenical_pavilion, minmay_misc_feat_tower
D:3:      layout_basic
D:4:      layout_basic, lemuel_flame_loot_1
D:5:      layout_cave_pools
D:6:      layout_loops_ring, nicolae_ru_path_of_blood,
          minmay_temple_entry_glassed_door
D:7:      cheibrodos_grave_circle, layout_rooms,
          minmay_overflow_temple_star_quad, okawaru_humans
D:8:      layout_cave_pools, lemuel_coloured_pillars_altar, minmay_fountain_box,
          minivault_1, minmay_fractal_squares_gapless_5, uniq_pikel, uniq_maggie
D:9:      layout_big_octagon, lair_entry_dummy, ebering_ghost_disaster_area,
          minmay_holes
D:10:     layout_loops_ring, bloody_trog, mainiacjoe_overflow_chevrons,
          serial_nicolae_subway, nicolae_sub_station_stone,
          nicolae_sub_station_crystal, nicolae_sub_station_metal,
          uniq_josephine, uniq_sonja
Temple:   nicolae_temple_great_sept
Abyss:3:  base: D:1, grunt_abyss_rune_wretched_hive

Skill      XL: |  1  2  3  4  5  6  7  8  9 10 11 |
---------------+----------------------------------+-----
Shields        | 4 5 6 7 8 9 |  9.7
Fighting       | 4 5 6 7 9 |  9.9
Axes           | 3 4 5 7 9 11 13 | 13.8
Dodging        | 1 2 3 4 5 |  5.9
Armour         | 4 5 7 8 |  8.3
Stealth        | 1 |  1.0
Throwing       | |  0.3

Action                     |  1- 3 |  4- 6 |  7- 9 | 10-12 || total
---------------------------+-------+-------+-------+-------++-------
  Melee: War axe           |    82 |   119 |   203 |   205 ||   609
         Headbutt          |    12 |    19 |    50 |    46 ||   127
  Throw: Throwing net      |       |       |       |     2 ||     2
    Use: Scroll            |       |     4 |     7 |     3 ||    14
         Potion            |       |       |       |     4 ||     4
 Armour: Scale mail        |    59 |    31 |   110 |     7 ||   207
         Acid dragon scale |       |       |       |    82 ||    82
         Skin              |       |       |       |     1 ||     1
  Dodge: Dodged            |    24 |    72 |   116 |   137 ||   349
  Block: Buckler           |    17 |       |       |       ||    17
         Kite shield       |     7 |    69 |   130 |   113 ||   319
